 Dungeon Crawl Stone Soup version 0.23.2-1-ga50397a (webtiles) character file.

Game seed: 9101327250301189311

35 MalarOregon the Poker (level 3, -1/29 HPs)
             Began as a Merfolk Fighter on May 20, 2019.
             Slain by a white imp (5 damage)
             ... summoned by Natasha
             ... on level 2 of the Dungeon.
             The game lasted 00:01:01 (825 turns).

MalarOregon the Poker (Merfolk Fighter)              Turns: 825, Time: 00:01:02

Health: -1/29      AC:  7    Str: 17    XL:     3   Next: 33%
Magic:  3/3        EV:  7    Int:  7    God:
Gold:   40         SH:  9    Dex: 13    Spells: 2/2 levels left

rFire    . . .     SeeInvis .   a - +0 trident
rCold    . . .     Gourm    .   c - +0 shield
rNeg     . . .     Faith    .   b - +0 scale mail
rPois    .         Spirit   .   m - +0 helmet
rElec    .         Reflect  .   (no cloak)
rCorr    .         Harm     .   (no gloves)
MR       .....     Rnd*Tele +   (no boots)
Stlth    ..........             (no amulet)
HPRegen  0.09/turn              l - ring of teleportation (curse)
MPRegen  0.08/turn              (no ring)

@: slowed, very slow
A: change form in water, swift swim, stealthy swim
a: no special abilities


You were on level 2 of the Dungeon.
You were not hungry.

You visited 1 branch of the dungeon, and saw 2 of its levels.

You collected 40 gold pieces.

Inventory:

Hand Weapons
 a - a +0 trident (weapon)
Armour
 b - a +0 scale mail (worn)
 c - a +0 shield (worn)
 m - a +0 helmet (worn)
   (You found it on level 1 of the Dungeon)
Jewellery
 j - an uncursed amulet of the acrobat {unknown}
   (You found it on level 1 of the Dungeon)
 l - a cursed ring of teleportation (left hand)
   (You found it on level 1 of the Dungeon)
Scrolls
 g - 3 scrolls of immolation {unknown}
 i - 3 scrolls of remove curse {unknown}
 k - 2 scrolls of teleportation {unknown}
 n - a scroll of fog {unknown}
Potions
 d - 2 potions of might
 f - a potion of curing {@q1}
 h - a potion of haste {unknown}
 p - a potion of resistance {unknown}
Comestibles
 e - 2 rations {!d}


   Skills:
 + Level 3.6 Fighting
 * Level 3.9 Polearms
 + Level 2.3 Armour
 * Level 3.4 Shields


You had 2 spell levels left.
You didn't know any spells.
Your spell library was empty.

Dungeon Overview and Level Annotations

Branches:
Dungeon (2/15)

Altars:

Annotations:
D:2 Natasha


Message History

You block the adder's attack.
Your shield and scale mail prevent you from hitting the adder.
The adder bites you but does no damage.
You miss the adder. The adder bites you but does no damage.
The adder barely misses you.
You miss the adder. You block the adder's attack.
You closely miss the adder. The adder barely misses you. x2
You miss the adder. You block the adder's attack.
You miss the adder. The adder completely misses you.
You closely miss the adder. The adder bites you but does no damage.
You block the adder's attack.
You puncture the adder!
You kill the adder!
No target in view!
You start resting.
Natasha, Servant of Life and Death comes into view.
She is carrying a wand of random effects (19).
Natasha hisses angrily.
You closely miss Natasha.
Natasha howls an incantation.
You feel disoriented. You block Natasha's attack.
You puncture Natasha!
Natasha drinks a potion.
Natasha is healed!
You closely miss Natasha. Natasha claws you but does no damage.
You hit Natasha. Natasha claws you but does no damage.
You barely miss Natasha. Natasha casts a spell at you.
You feel yourself slow down.
Natasha stares at you and mumbles some strange words.
The magic dart hits you.
You closely miss Natasha. Natasha closely misses you.
You block Natasha's attack.
You hit Natasha. Natasha claws you.
You closely miss Natasha. Natasha claws you but does no damage.
Natasha mumbles some strange words.
You hit Natasha. Natasha barely misses you. Natasha claws you.
You hit Natasha but do no damage.
The white imp hits you but does no damage.
You block Natasha's attack. You block the white imp's attack.
Natasha claws you!
* * * LOW HITPOINT WARNING * * *
You barely miss Natasha.
The white imp hits you but does no damage.
You block Natasha's attack. The white imp gestures at you.
You block the puff of frost. Natasha claws you!
* * * LOW HITPOINT WARNING * * *
You hit Natasha but do no damage. The white imp hits you.
* * * LOW HITPOINT WARNING * * *
The white imp freezes you.
You die...

#............
#............
#!...........
#...........#
#...........+
#..........#
#..h5.......
#@# # #.#
##.#####.#
#........#####
#.............#
#.............#
#.............#
#..........<..#
#.............#


You could see Natasha and a white imp.

Vanquished Creatures
  An adder (D:2)
  An ooze (D:1)
  2 leopard geckos (D:1)
  A ball python (D:1)
  4 bats
  A giant cockroach (D:1)
  A hobgoblin (D:1)
  3 jackals (D:1)
  2 frilled lizards
  2 kobolds (D:1)
  A rat (D:1)
19 creatures vanquished.

Notes
Turn   | Place    | Note
-------+----------+-------------------------------------------
     0 | D:1      | MalarOregon the Merfolk Fighter began the quest for the
                  | Orb.
     0 | D:1      | Reached XP level 1. HP: 18/18 MP: 1/1
    73 | D:1      | Reached XP level 2. HP: 24/24 MP: 2/2
   743 | D:2      | Reached XP level 3. HP: 29/29 MP: 3/3
   813 | D:2      | Noticed Natasha
   825 | D:2      | Slain by a white imp

Action                   || total
-------------------------++-------
Melee: Trident           ||   100
Armor: Scale mail        ||    50
Dodge: Dodged            ||    37
Block: Shield            ||    50
